Map: Port Aleksander LE

Players

Neeb - Winner!

  • Race: Protoss Protoss
  • Spawn Location: 5:00

Lambo

  • Race: Zerg Zerg
  • Spawn Location: 11:00

Event: IEM Season 13: Katowice (2019)

VOD

Have the link to the VOD?

Description

Time

  • Played on: Feb. 28, 2019, 10:03 a.m.
  • Length: 16:01

All games in this series

Show
View Real Time Build Order
Export as new Build Order

Neeb Protoss - Winner!

Build Orders: 1 Gate Expand, Oracle Opening, Phoenix Opening, Chargelot Immortal 

Get SALT Encoding   

  12  0:00  Probe  
  13  0:12  Probe  
  14  0:18  Pylon  
  14  0:24  Probe  
  15  0:30  Assimilator  
  15  0:33  Probe  
  16  0:44  Gateway, Probe  
  17  0:55  Probe  
  18  1:07  Probe  
  19  1:20  Probe  
  20  1:26  Nexus  
  20  1:35  Cybernetics Core  
  20  1:37  Probe  
  21  1:45  Assimilator  
  21  1:49  Probe  
  21  1:53  Pylon  
  22  1:59  Probe  
  22  2:02  Adept  
  22  2:07  Probe  
  23  2:12  Warp Gate  
  26  2:16  Probe  
  27  2:23  Stargate  
  27  2:28  Probe  
  28  2:34  Adept  
  28  2:36  Probe  
  30  2:40  Probe  
  30  2:44  Probe  
  33  2:52  Probe  
  33  2:53  Probe  
  35  3:00  Phoenix  
  35  3:04  Adept, Probe  
  35  3:05  Probe  
  41  3:13  Pylon  
  41  3:16  Probe  
  41  3:18  Probe  
  43  3:23  Oracle  
  46  3:31  Probe x2  
  48  3:34  Gateway  
  48  3:40  Twilight Council  
  48  3:43  Probe x2  
  48  3:46  Assimilator  
  50  3:49  Assimilator  
  50  3:55  Probe  
  50  3:58  Resonating Glaives  
  50  3:59  Gateway  
  50  4:00  Gateway  
  51  4:04  Probe  
  51  4:05  Pylon  
  51  4:08  Probe  
  53  4:13  Pylon  
  53  4:16  Probe  
  54  4:23  Probe, Pylon  
  55  4:28  Probe  
  56  4:35  Probe  
  52  4:39  Adept  
  52  4:40  Adept  
  52  4:41  Probe  
  55  4:47  Pylon, Probe  
  56  4:53  Probe  
  56  4:54  Adept x2  
  61  5:02  Nexus  
  61  5:04  Adept x2  
  65  5:10  Pylon  
  65  5:12  Probe x2  
  67  5:16  Adept x2  
  71  5:24  Probe  
  71  5:26  Probe  
  71  5:28  Adept, Pylon  
  73  5:33  Adept  
  77  5:36  Probe  
  77  5:41  Robotics Facility  
  78  5:43  Robotics Facility  
  78  5:47  Sentry x2  
  78  5:49  Probe  
  83  5:51  Probe  
  83  5:55  Forge  
  83  5:57  Pylon  
  81  6:04  Probe  
  81  6:07  Probe  
  80  6:16  Probe  
  80  6:17  Immortal  
  75  6:19  Immortal  
  75  6:20  Probe  
  75  6:23  Sentry x2, Adept x2  
  75  6:24  Probe  
  81  6:28  Protoss Ground Weapons Level 1  
  81  6:32  Probe  
  88  6:33  Probe  
  88  6:36  Pylon  
  89  6:40  Charge  
  89  6:41  Templar Archives  
  89  6:51  Shield Battery  
  89  6:53  Sentry x2, Shield Battery, Immortal  
  93  6:59  Probe x2  
  95  7:06  Assimilator  
  95  7:07  Probe  
  100  7:10  Immortal  
  100  7:12  Probe  
  101  7:17  Assimilator  
  101  7:21  Gateway, Pylon  
  101  7:22  Gateway  
  105  7:26  Zealot x3  
  105  7:28  Observer  
  112  7:42  Gateway x2  
  112  7:45  Pylon  
  112  7:48  Warp Prism  
  112  7:51  Zealot x3  
  116  7:53  Zealot  
  122  8:01  Phoenix  
  122  8:08  Psionic Storm  
  122  8:13  Immortal  
  122  8:18  Pylon  
  122  8:19  Pylon  
  126  8:22  Zealot x4, High Templar x2  
  126  8:24  Immortal  
  142  8:39  High Templar x2  
  142  8:49  Probe  
  142  8:53  Nexus  
  142  8:54  Pylon  
  143  8:56  Immortal  
  143  8:58  Zealot  
  143  8:59  Zealot x5  
  159  9:04  Protoss Ground Weapons Level 2  
  159  9:10  Immortal, Pylon  
  163  9:18  High Templar x2  
  163  9:22  High Templar  
  163  9:24  Probe x2  
  163  9:36  High Templar  
  163  9:37  Zealot x3, High Templar  
  163  9:40  Photon Cannon  
  163  9:41  Shield Battery  
  163  9:42  Probe  
  164  9:47  Probe  
  164  9:51  Zealot x2  
  169  9:54  Immortal  
  171  10:03  Zealot x2  
  171  10:04  Zealot  
  175  10:08  Zealot  
  175  10:10  Zealot  
  177  10:16  Immortal  
  167  10:23  Archon  
  167  10:26  Zealot x2  
  165  10:33  Pylon  
  165  10:35  Pylon x2  
  165  10:36  Pylon  
  165  10:38  Archon  
  165  10:39  Archon  
  165  10:40  High Templar  
  165  10:46  Immortal  
  165  10:49  Immortal  
  163  10:52  High Templar x4  
  175  10:58  Zealot x3  
  175  11:01  Probe  
  168  11:12  Probe  
  168  11:14  Nexus  
  168  11:17  Zealot  
  164  11:19  Observer  
  164  11:22  Observer  
  164  11:23  Zealot  
  164  11:25  Zealot, High Templar x2  
  165  11:26  Zealot x2  
  165  11:29  Zealot  
  165  11:31  Archon  
  170  11:37  Archon  
  170  11:39  Archon  
  140  11:41  Observer  
  140  11:44  Observer  
  140  11:45  Probe  
  140  11:46  Probe  
  144  11:49  Zealot, High Templar x3  
  135  11:56  Probe  
  135  11:59  Zealot x2  
  135  12:00  Probe  
  139  12:02  Immortal  
  139  12:08  Probe  
  120  12:10  Probe  
  120  12:11  Zealot  
  123  12:17  Immortal  
  123  12:18  Probe  
  123  12:20  Probe  
  123  12:22  Zealot x4  
  135  12:31  High Templar  
  134  12:37  Probe x2  
  134  12:43  High Templar  
  134  12:44  Zealot x3, High Templar  
  141  12:48  Probe  
  138  12:52  Probe  
  138  12:53  Probe  
  138  12:57  Immortal  
  125  13:11  High Templar x2  
  125  13:12  Zealot x2  
  133  13:15  Archon  
  133  13:19  Zealot  
  135  13:28  Observer  
  135  13:31  Zealot x2  
  139  13:40  High Templar x2  
  139  13:41  Zealot, High Templar  
  144  13:51  Zealot x2  
  148  14:04  Immortal  
  149  14:10  Probe  
  149  14:11  Immortal  
  149  14:21  High Templar x2  
  149  14:22  Zealot x4  
  141  14:43  Immortal  
  145  14:50  Zealot x2, High Templar x2  
  153  14:54  Nexus, Archon  
  153  14:59  Archon  
  153  15:03  Immortal  
  153  15:05  Pylon  
  157  15:20  Zealot x2, High Templar x2  
  163  15:24  Archon  
  163  15:35  Zealot x2  
  163  15:41  Archon  
  163  15:42  Archon  
  137  15:56  Zealot x4, High Templar x2  
Show
View Real Time Build Order
Export as new Build Order

Lambo Zerg 

Build Orders: Hatch First, Lurkers 

Get SALT Encoding   

  12  0:00  Drone  
  13  0:13  Overlord  
  13  0:18  Drone  
  14  0:32  Drone x2  
  16  0:48  Hatchery  
  15  0:53  Drone  
  15  0:56  Drone  
  17  0:59  Drone  
  18  1:11  Extractor  
  17  1:15  Spawning Pool  
  17  1:18  Drone  
  17  1:21  Drone  
  18  1:29  Drone  
  19  1:39  Drone  
  20  1:51  Overlord  
  20  2:01  Queen  
  20  2:02  Queen, Zergling x4  
  26  2:11  Drone  
  26  2:13  Drone  
  28  2:22  Drone  
  29  2:29  Drone  
  30  2:30  Metabolic Boost  
  30  2:36  Hatchery  
  29  2:41  Drone  
  29  2:43  Drone  
  31  2:48  Drone  
  32  2:51  Overlord  
  32  2:58  Queen  
  33  3:01  Drone  
  33  3:02  Drone  
  35  3:10  Drone x2  
  39  3:12  Drone x2  
  39  3:15  Drone x2  
  41  3:21  Drone x2  
  43  3:29  Overlord  
  43  3:32  Lair  
  43  3:39  Extractor, Overlord  
  42  3:41  Extractor, Drone  
  42  3:45  Zergling x2  
  42  3:47  Queen  
  45  3:50  Drone x4  
  45  3:55  Overlord  
  49  3:59  Spore Crawler  
  49  4:00  Drone  
  49  4:03  Drone  
  49  4:04  Drone  
  49  4:07  Drone  
  49  4:09  Drone  
  53  4:10  Spore Crawler, Drone  
  53  4:12  Drone  
  53  4:14  Drone  
  53  4:17  Drone  
  56  4:19  Drone  
  58  4:24  Drone x2  
  58  4:26  Spore Crawler  
  58  4:27  Drone  
  57  4:33  Drone x3  
  57  4:35  Drone  
  60  4:39  Drone x2  
  60  4:43  Hydralisk Den  
  61  4:49  Drone x4  
  65  4:56  Overlord  
  65  5:02  Overlord  
  65  5:05  Overlord  
  65  5:15  Hydralisk x4  
  65  5:18  Overlord  
  65  5:19  Overlord  
  65  5:21  Hydralisk x3  
  73  5:28  Hydralisk x2, Grooved Spines  
  79  5:31  Overlord  
  79  5:32  Overlord  
  83  5:37  Hydralisk  
  83  5:38  Evolution Chamber, Extractor  
  83  5:41  Hydralisk  
  83  5:42  Hydralisk  
  87  5:46  Zergling x6  
  87  5:47  Hydralisk  
  91  5:52  Zergling x6  
  91  5:53  Hydralisk  
  96  5:59  Zergling x8  
  96  6:02  Zergling x6  
  99  6:04  Zergling x4  
  99  6:06  Hydralisk  
  99  6:10  Hydralisk  
  103  6:15  Extractor x2, Zergling x2  
  103  6:16  Zergling x2  
  99  6:18  Hydralisk  
  99  6:22  Drone x3  
  101  6:27  Drone x3  
  101  6:28  Zerg Missile Weapons Level 1  
  101  6:30  Extractor, Drone x2  
  105  6:33  Drone  
  105  6:34  Drone  
  105  6:37  Drone  
  108  6:40  Muscular Augments, Drone  
  108  6:41  Drone  
  108  6:45  Drone x2  
  112  6:52  Drone x2  
  114  6:56  Overlord  
  114  6:58  Overlord  
  114  7:00  Lurker Den  
  113  7:01  Overlord  
  113  7:05  Drone  
  114  7:13  Overlord  
  114  7:18  Drone x4  
  114  7:19  Overseer  
  114  7:22  Hydralisk x5  
  128  7:30  Hatchery  
  128  7:34  Overseer  
  127  7:38  Zergling x14  
  134  7:44  Hydralisk x2  
  134  7:45  Hydralisk  
  139  7:53  Nydus Network  
  139  7:55  Hydralisk x2  
  139  7:56  Zergling x4  
  144  8:00  Overlord  
  144  8:01  Overlord  
  144  8:05  Hydralisk x2  
  145  8:17  Overlord  
  143  8:20  Overlord  
  143  8:21  Hydralisk, Extractor  
  143  8:22  Hydralisk x4  
  143  8:24  Zerg Missile Weapons Level 2  
  148  8:31  Zergling x10  
  153  8:36  Lurker x4  
  153  8:40  Zergling x6  
  160  8:43  Hydralisk  
  160  8:44  Hydralisk  
  160  8:47  Zergling x4  
  162  8:49  Hydralisk  
  162  8:51  Lurker  
  162  8:53  Nydus Canal  
  162  8:54  Zergling x6  
  168  8:59  Hydralisk x2  
  172  9:07  Hydralisk x2  
  172  9:08  Zergling x6  
  179  9:10  Nydus Canal  
  179  9:15  Zergling x8  
  183  9:18  Drone  
  181  9:28  Hydralisk  
  181  9:29  Zergling x2  
  184  9:39  Nydus Canal  
  184  9:42  Overlord  
  184  9:45  Overlord  
  184  9:48  Overlord  
  184  9:50  Overlord  
  184  9:52  Overlord, Nydus Canal  
  184  9:53  Overlord  
  184  9:57  Overlord  
  184  9:59  Overlord  
  183  10:06  Nydus Canal  
  182  10:07  Hydralisk x8  
  182  10:13  Overlord  
  198  10:16  Hydralisk  
  198  10:21  Hydralisk x3, Nydus Canal  
  194  10:25  Hydralisk  
  194  10:27  Hydralisk  
  195  10:31  Hydralisk x2  
  195  10:35  Nydus Canal  
  197  10:37  Hydralisk x2  
  197  10:40  Hydralisk  
  197  10:42  Overlord  
  195  10:44  Hydralisk  
  195  10:48  Hydralisk x2  
  194  10:53  Hydralisk, Nydus Canal  
  194  10:56  Hydralisk  
  192  10:58  Hydralisk  
  192  11:05  Nydus Canal  
  192  11:06  Hydralisk x3  
  192  11:11  Hydralisk x2  
  188  11:13  Hydralisk  
  188  11:14  Hydralisk  
  194  11:18  Hydralisk  
  194  11:19  Hydralisk  
  194  11:22  Hydralisk  
  194  11:24  Hydralisk  
  194  11:26  Nydus Canal  
  194  11:28  Hydralisk  
  194  11:30  Hydralisk  
  192  11:34  Hydralisk x2  
  162  11:41  Hydralisk x2, Nydus Canal  
  162  11:47  Hydralisk x2  
  166  11:49  Hydralisk  
  166  11:50  Hydralisk  
  166  11:53  Hydralisk  
  161  11:54  Zergling x2  
  161  12:01  Hydralisk x2, Nydus Canal  
  162  12:03  Hydralisk  
  162  12:07  Hydralisk  
  162  12:08  Hydralisk  
  145  12:19  Nydus Canal  
  145  12:20  Hydralisk x2  
  145  12:21  Hydralisk x2  
  153  12:25  Zergling x8  
  157  12:31  Nydus Canal  
  157  12:33  Hydralisk x2  
  157  12:34  Zergling x4  
  157  12:40  Hydralisk x2  
  157  12:42  Hydralisk  
  162  12:47  Hydralisk  
  160  12:53  Hydralisk x2  
  160  12:54  Hydralisk  
  166  12:59  Drone x3  
  166  13:00  Drone x3  
  166  13:01  Drone  
  166  13:03  Extractor  
  166  13:05  Hydralisk, Nydus Canal  
  154  13:08  Lurker  
  154  13:09  Lurker x2  
  154  13:10  Hydralisk  
  153  13:13  Hydralisk  
  155  13:21  Hydralisk x3  
  155  13:22  Hydralisk  
  161  13:30  Hydralisk x3, Nydus Canal  
  167  13:37  Hydralisk  
  167  13:38  Hydralisk, Zergling x4  
  171  13:46  Hydralisk x3  
  175  13:48  Nydus Canal  
  175  13:49  Hydralisk  
  175  13:54  Hydralisk, Zergling x2  
  175  13:55  Zergling x4  
  181  13:57  Lurker  
  181  13:59  Zergling x2  
  180  14:08  Hydralisk  
  175  14:13  Hydralisk x6  
  174  14:25  Hydralisk x4  
  174  14:29  Hydralisk  
  170  14:32  Zergling x2  
  168  14:47  Hatchery  
  168  14:48  Lurker  
  168  14:52  Queen  
  170  14:56  Lurker x2  
  170  14:57  Zergling x2  
  173  15:04  Hydralisk  
  175  15:07  Hydralisk  
  175  15:13  Lurker  
  178  15:15  Hydralisk  
  178  15:16  Zergling x2  
  181  15:22  Hydralisk x2  
  185  15:29  Hydralisk x2  
  185  15:33  Hydralisk  
  107  15:54  Nydus Canal  

Tags
 
Add a new tag
Caveats
  • Supply blocks, unpowered buildings, or Contaminate may cause inaccurate times.
  • Supply counts are checked every 10 seconds.